 Dungeon Crawl Stone Soup version 0.18.1-48-g4cf74bf (webtiles) character file.

110 Mesmaeker13 the Ducker (level 4, -2/30 HPs)
             Began as a Demonspawn Wizard on July 13, 2016.
             Slain by a worker ant (4 damage)
             ... on level 4 of the Dungeon.
             The game lasted 00:11:36 (3208 turns).

Mesmaeker13 the Ducker (Demonspawn Wizard)          Turns: 3208, Time: 00:11:37

Health: -2/30      AC:  2    Str:  9    XL:     4   Next: 61%
Magic:  1/8        EV: 13    Int: 19    God:
Gold:   109        SH:  0    Dex: 11    Spells: 2 memorised, 5 levels left

rFire  + . .     SeeInvis .     k - +0 dagger
rCold  x . .     Gourm    .     a - +0 robe
rNeg   . . .     Faith    .     (no shield)
rPois  .         Spirit   .     b - +0 hat
rElec  .         Dismiss  .     (no cloak)
rCorr  .         Reflect  .     (no gloves)
SustAt .         Harm     .     (no boots)
MR     .....                    (no amulet)
Stlth  +.........               (no ring)
                                e - ring of fire

@: lethally poisoned (-2 -> -12), very slightly contaminated, not resistant to
hostile enchantments, very unstealthy
A: hooves 1
a: no special abilities


You were on level 4 of the Dungeon.
You were not hungry.

You visited 1 branch of the dungeon, and saw 4 of its levels.

You collected 109 gold pieces.

Inventory:

Hand Weapons
 k - a +0 dagger (weapon)
 u - a +0 blowgun
Armour
 a - a +0 robe (worn)
 b - a +0 hat (worn)
Jewellery
 e - a ring of fire (left hand)
Scrolls
 f - a scroll of teleportation
 h - a scroll of immolation {unknown}
 m - a scroll of magic mapping {unknown}
 p - a scroll of remove curse {unknown}
 q - a scroll of fear {unknown}
 v - a scroll of enchant weapon {unknown}
Potions
 i - 2 potions of might {unknown}
 j - 3 potions of heal wounds
 o - a potion of degeneration {unknown}
 w - a potion of agility {unknown}
Books
 c - a book of Minor Magic

   Spells                             Type                      Level
   a - Magic Dart                     Conjuration                  1
   b - Blink                          Translocation                2
   c - Call Imp                       Summoning                    2
   d - Repel Missiles                 Charms/Air                   2
   e - Slow                           Hexes                        2
   f - Conjure Flame                  Conjuration/Fire             3
   g - Mephitic Cloud                 Conjuration/Poison/Air       3
 s - a book of Envenomations

   Spells                             Type                      Level
   a - Spider Form                    Transmutation/Poison         3
   b - Olgreb's Toxic Radiance        Poison                       4
   c - Alistair's Intoxication        Transmutation/Poison         5
   d - Poisonous Cloud                Conjuration/Poison/Air       6
Comestibles
 d - 4 bread rations
 g - 4 meat rations
 l - 4 fruits
 r - a slice of pizza
 t - 2 chunks of flesh


   Skills:
 + Level 3.3 Dodging
 - Level 1.7 Stealth
 - Level 3.0 Spellcasting
 + Level 3.2 Conjurations
   Level 1.0 Summonings
   Level 0.8 Translocations


You had 5 spell levels left.
You knew the following spells:

 Your Spells              Type           Power        Failure   Level  Hunger
a - Magic Dart            Conj           ###.         4%          1    None
b - Conjure Flame         Conj/Fire      ##......     28%         3    ###....


Dungeon Overview and Level Annotations

Branches:
Dungeon (4/15)
 Temple: D:4-7

Altars:
Elyvilon
Makhleb
Ru

Annotations:
D:3 TBriggs11TB's ghost, amateur MiBe


Innate Abilities, Weirdness & Mutations

You have large cloven feet.


Message History

Confirm with . or Enter, or press ? or * to list all spells.
You don't have enough magic to cast that spell.
Sorry, you're not good enough to have a special ability.
Casting: Magic Dart
Confirm with . or Enter, or press ? or * to list all spells.
You don't have enough magic to cast that spell.
Sorry, you're not good enough to have a special ability.
Casting: Magic Dart
Confirm with . or Enter, or press ? or * to list all spells.
You don't have enough magic to cast that spell.
Casting: Magic Dart
Confirm with . or Enter, or press ? or * to list all spells.
You don't know that spell.
The worker ant bites you.
* * * LOW HITPOINT WARNING * * *
You are more poisoned.
The worker ant poisons you!
* * * LOW HITPOINT WARNING * * *
You feel sick. The worker ant bites you.
You die...

.. #. #...... #.. #.
######.......
##[##.###............
..........##...%)....
.........###.........
.........# ##.#######
.........# #..#
...:.....###.##
.........#.@.#
...#####.la###
......((.### >
.#######


You could see an iguana and a worker ant.

Vanquished Creatures
  3 adders
  An ooze (D:3)
  3 dart slugs (D:1)
  4 orcs (D:3)
  3 giant cockroaches
  4 goblins
  9 hobgoblins
  2 jackals (D:1)
  13 kobolds
  A quokka (D:2)
  10 bats
  4 giant newts
  11 rats
68 creatures vanquished.

Notes
Turn   | Place    | Note
--------------------------------------------------------------
     0 | D:1      | Mesmaeker13 the Demonspawn Wizard began the quest for the Orb.
     0 | D:1      | Reached XP level 1. HP: 13/13 MP: 4/4
   246 | D:1      | Gained mutation: You have large cloven feet. [demonic ancestry]
   246 | D:1      | Reached XP level 2. HP: 17/19 MP: 0/6
   983 | D:2      | Reached XP level 3. HP: 24/24 MP: 4/7
  1056 | D:2      | Found a sacrificial altar of Ru.
  1147 | D:2      | Learned a level 3 spell: Conjure Flame
  2313 | D:3      | Reached XP level 4. HP: 30/30 MP: 8/8
  2447 | D:3      | Found a burning altar of Makhleb.
  2833 | D:3      | Found a white marble altar of Elyvilon.
  3154 | D:3      | Noticed TBriggs11TB's ghost (amateur MiBe)
  3208 | D:4      | Slain by a worker ant

Skill      XL: |  1  2  3  4 |
---------------+-------------+-----
Dodging        | 2 3 |  3.3
Conjurations   | 2 3 |  3.2
Stealth        | |  1.7
Spellcasting   | |  3.0
Summonings     | |  1.0
Translocations | |  0.8

Action                   |  1- 3 |  4- 6 || total
-------------------------+-------+-------++-------
Melee: Spear             |    25 |       ||    25
       Dagger            |    87 |     2 ||    89
       Kick              |    14 |     1 ||    15
 Fire: Blowgun           |       |    49 ||    49
 Cast: Magic Dart        |    78 |    56 ||   134
       Conjure Flame     |       |     1 ||     1
  Use: Potion            |     1 |     1 ||     2
       Scroll            |       |     1 ||     1
 Stab: Sleeping          |     5 |     1 ||     6
  Eat: Chunk             |     4 |     3 ||     7
Armor: Robe              |    28 |     9 ||    37
Dodge: Dodged            |   111 |    29 ||   140
